AoeStats
← Orange Jiangzc

Arena

517375014Analyzed
4v4 RM · 6d ago on Oct 30, 2026· 42m 10s· 8 players
Game mode
Random Map
Map size
Large (8 player)
Population
200
Speed
Normal
Resources
Standard
Victory
Conquest
Starting age
Dark Age
Ending age
Imperial Age
RankedLock teamsTeams togetherTeam positionsShared explorationLock speedFull tech treeHidden civsTurbo modeCheats
Victory
Defeat
🇨🇳 Vietnamese · China
918
+10
🇩🇪 Turks · Germany
850
+12
🇨🇳 Portuguese · China
818
+14
🇪🇸 Spanish · Spain
801
+14
vs
🇦🇺 Italians · Australia
918
-53
🇦🇺 Franks · Australia
785
-36
🇦🇺 Britons · Australia
698
-10
🇦🇺 Bohemians · Australia
668
-9
Hamurabi1
0:35 Loom
12:23 Feudal Age
18:52 Castle Age
17:14 Horse Collar
17:26 Double-Bit Axe
22:47 Gold Mining
30:18 Imperial Age
28:41 Bow Saw
28:40 Heavy Plow
29:37 Gold Shaft Mining
30:21 Wheelbarrow
29:31 Town Watch
29:41 Stone Mining
29:59 Padded Archer Armor
29:51 Fletching
31:25 Leather Archer Armor
31:30 Fortified Wall
31:03 Treadmill Crane
31:45 Ballistics
32:36 Ring Archer Armor
37:33 Hand Cart
38:27 Bodkin Arrow
38:49 Masonry
Orange Jiangzc
11:32 Feudal Age
13:07 Double-Bit Axe
16:07 Castle Age
21:46 Imperial Age
19:49 Bow Saw
20:53 Stone Mining
20:56 Gold Mining
23:38 Wheelbarrow
23:24 Horse Collar
25:27 Hand Cart
27:47 Chemistry
28:14 Stone Shaft Mining
27:42 Heavy Plow
29:02 Bombard Tower
29:08 Treadmill Crane
31:48 Guilds
34:00 Loom
35:12 Town Watch
35:36 Fletching
35:50 Padded Archer Armor
36:14 Bodkin Arrow
37:02 Conscription
36:45 Arquebus
39:47 Circumnavigation
39:56 Bracer
shivano55
10:43 Feudal Age
14:25 Double-Bit Axe
16:10 Horse Collar
19:31 Castle Age
23:04 Bow Saw
25:23 Fortified Wall
28:24 Loom
28:27 Town Watch
29:18 Wheelbarrow
29:33 Town Patrol
30:22 Hand Cart
30:11 Caravan
34:29 Imperial Age
32:05 Gold Mining
32:08 Stone Mining
32:52 Heavy Plow
33:01 Scale Barding Armor
33:07 Forging
32:58 Scale Mail Armor
33:21 Ballistics
32:57 Murder Holes
33:26 Husbandry
33:37 Bloodlines
34:52 Cavalier
34:53 Light Cavalry
36:12 Iron Casting
35:58 Chain Barding Armor
35:54 Chain Mail Armor
35:31 Fletching
35:41 Padded Archer Armor
35:06 Pikeman
35:46 Squires
35:31 Gambesons
35:32 Arson
35:08 Man-at-Arms
36:51 Chemistry
35:41 Guard Tower
36:02 Masonry
35:38 Arrowslits
37:55 Coinage
37:36 Guilds
36:49 Paladin
37:55 Conscription
38:45 Blast Furnace
38:24 Guilds
38:56 Plate Barding Armor
38:15 Hussar
39:37 Plate Mail Armor
40:32 Stone Shaft Mining
40:32 Padded Archer Armor
42:13 Leather Archer Armor
仰枫
10:49 Feudal Age
10:38 Loom
15:16 Castle Age
13:35 Double-Bit Axe
16:07 Fletching
26:25 Stone Mining
27:24 Horse Collar
31:19 Bow Saw
31:12 Heavy Plow
31:51 Wheelbarrow
32:05 Gold Mining
36:34 Imperial Age
33:48 Elite Skirmisher
34:46 Hand Cart
34:18 Town Watch
34:52 Thumb Ring
36:04 Padded Archer Armor
36:00 Bodkin Arrow
37:08 Ballistics
37:36 Leather Archer Armor
36:54 Imperial Skirmisher
37:40 Bracer
39:44 Paper Money
39:08 Elite Fire Lancer
40:36 Ring Archer Armor
40:17 Forging
40:07 Scale Mail Armor
40:27 Squires
40:50 Arson
42:23 Iron Casting
Danielraven91
11:18 Feudal Age
13:37 Loom
16:31 Castle Age
14:55 Double-Bit Axe
15:59 Horse Collar
20:34 Squires
22:17 Gold Mining
22:49 Bow Saw
24:47 Wheelbarrow
24:28 Fletching
26:02 Pikeman
32:53 Imperial Age
31:12 Stone Mining
32:35 Yeomen
35:18 Bodkin Arrow
35:24 Padded Archer Armor
36:53 Chemistry
CaspertGhost683
10:07 Loom
14:16 Feudal Age
16:51 Man-at-Arms
21:47 Wheelbarrow
21:26 Arson
23:52 Gold Mining
25:27 Stone Mining
29:14 Castle Age
28:13 Scale Barding Armor
29:04 Forging
30:15 Scale Mail Armor
30:58 Hand Cart
31:49 Husbandry
37:11 Treadmill Crane
adbailey121
0:29 Loom
12:21 Feudal Age
15:05 Double-Bit Axe
19:48 Castle Age
21:19 Wheelbarrow
24:48 Bow Saw
29:02 Forging
28:53 Scale Mail Armor
28:59 Scale Barding Armor
37:46 Imperial Age
35:21 Pikeman
god3573
14:54 Feudal Age
21:48 Castle Age
21:37 Scale Barding Armor
21:33 Scale Mail Armor
24:29 Fletching
24:39 Padded Archer Armor
28:15 Man-at-Arms
28:15 Pikeman
28:56 Squires
32:49 Long Swordsman
34:29 Husbandry
34:39 Bloodlines
33:50 Light Cavalry
37:08 Crossbowman
37:08 Elite Skirmisher
37:53 Thumb Ring
38:11 Town Watch
38:12 Loom
Connection lost

Rejoining the realm…

Still unreachable

The connection could not be restored.

Session expired

The server has moved on; the page needs a fresh start.